TOP OF THE 1ST |
Seattle Pikes batting - Pitching for Nassau Rockets : RHP Luis López
|
Pitching: RHP Luis López
|
|
Batting: LHB Roberto Lozano
|
0-0: Swinging Strike 0-1: Ball 1-1: TRIPLE (Flyball, 8LXD)
|
Batting: RHB Wallace Greene
|
0-0: Ball 1-0: Ground out 6-3 (Groundball, 6) Roberto Lozano scores
|
Batting: LHB Eduardo Gómez
|
0-0: Called Strike 0-1: Ball 1-1: Swinging Strike 1-2: Strikes out swinging
|
Batting: RHB Manuel Rico
|
0-0: Ground out 4-3 (Groundball, 4)
|
Top of the 1st over - 1 run(s), 1 hit(s), 0 error(s), 0 left on base; Seattle 1 - Nassau 0 |
BOTTOM OF THE 1ST |
Nassau Rockets batting - Pitching for Seattle Pikes : LHP Albert Lebel
|
Pitching: LHP Albert Lebel
|
|
Batting: LHB Don Ramey
|
0-0: Called Strike 0-1: Fly out, F9 (Flyball, 9)
|
Batting: RHB Kenji Kudo
|
0-0: Called Strike 0-1: DOUBLE (Line Drive, 9LD)
|
Batting: RHB Rubén Matos
|
0-0: Called Strike 0-1: Called Strike 0-2: Ball 1-2: SINGLE (Line Drive, 3L) Kenji Kudo to third
|
Batting: LHB Andrew Alvarado
|
0-0: Ball 1-0: Called Strike 1-1: Swinging Strike 1-2: Ball 2-2: Ball 3-2: Foul Ball, location: 2F 3-2: Fly out, F4 (Popup, 3D)
|
Batting: SHB Howard Parker
|
0-0: Ball 1-0: Ball 2-0: Foul Ball, location: 2F 2-1: Swinging Strike 2-2: Ball 3-2: Strikes out swinging
|
Bottom of the 1st over - 0 run(s), 2 hit(s), 0 error(s), 2 left on base; Seattle 1 - Nassau 0 |
TOP OF THE 2ND |
Seattle Pikes batting - Pitching for Nassau Rockets : RHP Luis López
|
Batting: LHB Richard Hunter
|
0-0: Ball 1-0: Swinging Strike 1-1: Swinging Strike 1-2: Foul Ball, location: 2F 1-2: Foul Ball, location: 2F 1-2: Strikes out looking
|
Batting: RHB Pete Rideout
|
0-0: Foul Ball, location: 2F 0-1: Ball 1-1: Called Strike 1-2: Ball 2-2: DOUBLE (Line Drive, 89D)
|
Batting: SHB António Hernández
|
0-0: Ground out 5-3 (Groundball, 56)
|
Batting: RHB Bill Mark
|
0-0: Ball 1-0: Called Strike 1-1: Foul Ball, location: 2F 1-2: Foul Ball, location: 2F 1-2: Foul Ball, location: 2F 1-2: Ground out 2-3 (Groundball, 2R)
|
Top of the 2nd over - 0 run(s), 1 hit(s), 0 error(s), 1 left on base; Seattle 1 - Nassau 0 |
BOTTOM OF THE 2ND |
Nassau Rockets batting - Pitching for Seattle Pikes : LHP Albert Lebel
|
Batting: LHB Bob Martin
|
0-0: Ball 1-0: Ball 2-0: Called Strike 2-1: Foul Ball, location: 2F 2-2: Ball 3-2: Strikes out swinging
|
Batting: RHB Pete Harvey
|
0-0: Called Strike 0-1: Swinging Strike 0-2: Strikes out swinging
|
Batting: SHB Edgardo Osorio
|
0-0: Called Strike 0-1: Ball 1-1: Fly out, F4 (Popup, 4D)
|
Bottom of the 2nd over - 0 run(s), 0 hit(s), 0 error(s), 0 left on base; Seattle 1 - Nassau 0 |
TOP OF THE 3RD |
Seattle Pikes batting - Pitching for Nassau Rockets : RHP Luis López
|
Batting: RHB Iván Gonzáles
|
0-0: Fly out, F8 (Flyball, 8RD)
|
Batting: LHB Roberto Lozano
|
0-0: Ball 1-0: Swinging Strike 1-1: Ball 2-1: Ball 3-1: SINGLE (Groundball, 4S) (infield hit)
|
Batting: RHB Wallace Greene
|
0-0: Called Strike Roberto Lozano steals 2nd base 0-1: Foul Ball, location: 2F 0-2: Ball 1-2: Ground out 5-3 (Groundball, 56)
|
Batting: LHB Eduardo Gómez
|
0-0: Called Strike 0-1: Foul Ball, location: 2F 0-2: Ball 1-2: Strikes out swinging
|
Top of the 3rd over - 0 run(s), 1 hit(s), 0 error(s), 1 left on base; Seattle 1 - Nassau 0 |
BOTTOM OF THE 3RD |
Nassau Rockets batting - Pitching for Seattle Pikes : LHP Albert Lebel
|
Batting: RHB Salvador Borbón
|
0-0: Ball 1-0: Foul Ball, location: 2F 1-1: Fly out, F9 (Flyball, 89S)
|
Batting: LHB Don Ramey
|
0-0: Hit by Pitch
|
Batting: RHB Kenji Kudo
|
0-0: Fly out, F9 (Flyball, 9S)
|
Batting: RHB Rubén Matos
|
0-0: Ball 1-0: Ball 2-0: Foul Ball, location: 2F 2-1: Swinging Strike 2-2: Strikes out swinging
|
Bottom of the 3rd over - 0 run(s), 0 hit(s), 0 error(s), 1 left on base; Seattle 1 - Nassau 0 |
TOP OF THE 4TH |
Seattle Pikes batting - Pitching for Nassau Rockets : RHP Luis López
|
Batting: RHB Manuel Rico
|
0-0: Called Strike 0-1: Ball 1-1: Ball 2-1: Fly out, F8 (Flyball, 89M)
|
Batting: LHB Richard Hunter
|
0-0: Ball 1-0: Ball 2-0: Ball 3-0: Ground out 4-3 (Groundball, 4)
|
Batting: RHB Pete Rideout
|
0-0: Ball 1-0: DOUBLE (Line Drive, 8LD)
|
Batting: SHB António Hernández
|
0-0: Fly out, F8 (Flyball, 8LD)
|
Top of the 4th over - 0 run(s), 1 hit(s), 0 error(s), 1 left on base; Seattle 1 - Nassau 0 |
BOTTOM OF THE 4TH |
Nassau Rockets batting - Pitching for Seattle Pikes : LHP Albert Lebel
|
Batting: LHB Andrew Alvarado
|
0-0: Ball 1-0: Called Strike 1-1: Ball 2-1: Ball 3-1: Called Strike 3-2: Foul Ball, location: 2F 3-2: SINGLE (Groundball, 6D)
|
Batting: SHB Howard Parker
|
0-0: Ball 1-0: Called Strike 1-1: Swinging Strike 1-2: Ball 2-2: Foul Ball, location: 2F 2-2: SINGLE (Groundball, 6D) Andrew Alvarado to second
|
Batting: LHB Bob Martin
|
0-0: Swinging Strike 0-1: Foul Ball, location: 2F 0-2: Ball 1-2: Fielders Choice at 2nd, 4-6 (Groundball, 34) Andrew Alvarado to third
|
Batting: RHB Pete Harvey
|
0-0: Called Strike 0-1: Called Strike 0-2: Ball Wild Pitch! Andrew Alvarado scores Bob Martin to second 1-2: Strikes out swinging
|
Batting: SHB Edgardo Osorio
|
0-0: Called Strike 0-1: Foul Ball, location: 2F 0-2: Foul Ball, location: 2F 0-2: Ground out 6-3 (Groundball, 6)
|
Bottom of the 4th over - 1 run(s), 2 hit(s), 0 error(s), 1 left on base; Seattle 1 - Nassau 1 |
TOP OF THE 5TH |
Seattle Pikes batting - Pitching for Nassau Rockets : RHP Luis López
|
Batting: RHB Bill Mark
|
0-0: Ball 1-0: Foul Ball, location: 2F 1-1: SINGLE (Groundball, 6M) (infield hit)
|
Batting: RHB Iván Gonzáles
|
0-0: Called Strike 0-1: Ball 1-1: Ball 2-1: Fly out, F9 (Flyball, 9)
|
Batting: LHB Roberto Lozano
|
0-0: Ball 1-0: Called Strike 1-1: Swinging Strike 1-2: DOUBLE (Line Drive, 7LD) Bill Mark to third Runner from 3rd tries for Home, SAFE, throw made at trailing runner, SAFE at third!
|
Batting: RHB Wallace Greene
|
0-0: Ball 1-0: Ball 2-0: Ground out 5-3 (Groundball, 56) Roberto Lozano scores
|
Batting: LHB Eduardo Gómez
|
0-0: Called Strike 0-1: Foul Ball, location: 2F 0-2: Ball 1-2: Strikes out swinging
|
Top of the 5th over - 2 run(s), 2 hit(s), 0 error(s), 0 left on base; Seattle 3 - Nassau 1 |
BOTTOM OF THE 5TH |
Nassau Rockets batting - Pitching for Seattle Pikes : LHP Albert Lebel
|
Batting: RHB Salvador Borbón
|
0-0: Ball 1-0: Fly out, F8 (Flyball, 78M)
|
Batting: LHB Don Ramey
|
0-0: Ball 1-0: Ball 2-0: Called Strike 2-1: Called Strike 2-2: Strikes out looking
|
Batting: RHB Kenji Kudo
|
0-0: Ground out 5-3 (Groundball, 56S)
|
Bottom of the 5th over - 0 run(s), 0 hit(s), 0 error(s), 0 left on base; Seattle 3 - Nassau 1 |
TOP OF THE 6TH |
Seattle Pikes batting - Pitching for Nassau Rockets : RHP Luis López
|
Batting: RHB Manuel Rico
|
0-0: Foul Ball, location: 2F 0-1: Called Strike 0-2: SINGLE (Groundball, 56S) (infield hit)
|
Batting: LHB Richard Hunter
|
0-0: Ball 1-0: Foul Ball, location: 2F 1-1: Ball 2-1: Ball 3-1: Fly out, F7 (Flyball, 7LS)
|
Batting: RHB Pete Rideout
|
0-0: Ball 1-0: Fly out, F9 (Flyball, 89S)
|
Batting: SHB António Hernández
|
0-0: Called Strike 0-1: Called Strike 0-2: Ball Manuel Rico steals 2nd base 1-2: Foul Ball, location: 2F 1-2: Ball 2-2: SINGLE (Line Drive, 89M) Manuel Rico to third Runner from 3rd tries for Home, SAFE, no throw
|
Batting: RHB Bill Mark
|
0-0: Called Strike 0-1: Ball 1-1: Foul Ball, location: 2F 1-2: Ball 2-2: Foul Ball, location: 2F 2-2: SINGLE (Groundball, 6MD) António Hernández to second Runner from 2nd tries for 3rd, SAFE, throw made to third
|
Batting: RHB Iván Gonzáles
|
0-0: Ball 1-0: Ball 2-0: Ball 3-0: Called Strike 3-1: Foul Ball, location: 2F 3-2: Foul Ball, location: 2F 3-2: Base on Balls Bill Mark to second
|
Batting: LHB Roberto Lozano
|
0-0: Swinging Strike 0-1: Swinging Strike 0-2: Fly out, F2 (Popup, 2R)
|
Top of the 6th over - 1 run(s), 3 hit(s), 0 error(s), 3 left on base; Seattle 4 - Nassau 1 |
BOTTOM OF THE 6TH |
Nassau Rockets batting - Pitching for Seattle Pikes : LHP Albert Lebel
|
Batting: RHB Rubén Matos
|
0-0: Ball 1-0: Ball 2-0: Ground out 6-3 (Groundball, 56)
|
Batting: LHB Andrew Alvarado
|
0-0: Ball 1-0: SINGLE (Groundball, 34D)
|
Batting: SHB Howard Parker
|
0-0: Swinging Strike 0-1: Fielders Choice at 2nd, 6-4 (Groundball, 56)
|
Batting: LHB Bob Martin
|
0-0: Called Strike Howard Parker is caught stealing 2nd base
|
Bottom of the 6th over - 0 run(s), 1 hit(s), 0 error(s), 0 left on base; Seattle 4 - Nassau 1 |
TOP OF THE 7TH |
Seattle Pikes batting - Pitching for Nassau Rockets : RHP Luis López
|
Pitching: RHP Nolan Baker
|
|
Batting: RHB Wallace Greene
|
0-0: Ball 1-0: Ground out 6-3 (Groundball, 6)
|
Batting: LHB Eduardo Gómez
|
0-0: Ball 1-0: Fly out, F7 (Flyball, 78M)
|
Batting: RHB Manuel Rico
|
0-0: Called Strike 0-1: Ball 1-1: Ball 2-1: SINGLE (Line Drive, 7S)
|
Batting: LHB Richard Hunter
|
0-0: Ball Manuel Rico is caught stealing 2nd base
|
Top of the 7th over - 0 run(s), 1 hit(s), 0 error(s), 0 left on base; Seattle 4 - Nassau 1 |
BOTTOM OF THE 7TH |
Nassau Rockets batting - Pitching for Seattle Pikes : LHP Albert Lebel
|
Pitching: RHP Orlando Ojeda
|
|
Batting: LHB Bob Martin
|
0-0: Foul Ball, location: 2F 0-1: Ball 1-1: Called Strike 1-2: Ball 2-2: SOLO HOME RUN (Flyball, 9D), Distance : 353 ft
|
Batting: RHB Pete Harvey
|
0-0: Ball 1-0: Called Strike 1-1: Foul Ball, location: 2F 1-2: Foul Ball, location: 2F 1-2: Strikes out swinging
|
Batting: SHB Edgardo Osorio
|
0-0: Ball 1-0: Foul Ball, location: 2F 1-1: Foul Ball, location: 2F 1-2: Strikes out swinging
|
Batting: RHB Salvador Borbón
|
0-0: Called Strike 0-1: Ball 1-1: Called Strike 1-2: Foul Ball, location: 2F 1-2: Ball 2-2: SINGLE (Line Drive, 7S)
|
Pitching: LHP Jesús Martínez
|
|
Batting: LHB Don Ramey
|
0-0: Foul Ball, location: 2F 0-1: Swinging Strike 0-2: Ball 1-2: Foul Ball, location: 2F 1-2: Fielders Choice at 2nd, 6-4 (Groundball, 6)
|
Bottom of the 7th over - 1 run(s), 2 hit(s), 0 error(s), 0 left on base; Seattle 4 - Nassau 2 |
TOP OF THE 8TH |
Seattle Pikes batting - Pitching for Nassau Rockets : RHP Nolan Baker
|
Batting: LHB Richard Hunter
|
0-0: Called Strike 0-1: Ball 1-1: Ground out 4-3 (Groundball, 34)
|
Batting: RHB Pete Rideout
|
0-0: Ball 1-0: Ball 2-0: Called Strike 2-1: Ball 3-1: Base on Balls
|
Batting: SHB António Hernández
|
0-0: Ball 1-0: Ball 2-0: Ball 3-0: Base on Balls Pete Rideout to second
|
Batting: RHB Bill Mark
|
0-0: Called Strike Pete Rideout steals 3rd base António Hernández to second 0-1: Ball 1-1: Swinging Strike 1-2: Ground out 5-3 (Groundball, 5)
|
Batting: RHB Iván Gonzáles
|
0-0: Ball 1-0: Ball 2-0: Called Strike 2-1: Called Strike 2-2: Foul Ball, location: 2F 2-2: Ground out 5-3 (Groundball, 5)
|
Top of the 8th over - 0 run(s), 0 hit(s), 0 error(s), 2 left on base; Seattle 4 - Nassau 2 |
BOTTOM OF THE 8TH |
Nassau Rockets batting - Pitching for Seattle Pikes : LHP Jesús Martínez
|
Pitching: RHP Ernesto Beltrán
|
|
Batting: RHB Kenji Kudo
|
0-0: Foul Ball, location: 2F 0-1: Ball 1-1: Ball 2-1: Fly out, F8 (Flyball, 8RXD)
|
Pitching: LHP Manny Sandoval
|
|
Batting: RHB Rubén Matos
|
0-0: Fly out, F8 (Flyball, 8RM)
|
Batting: LHB Andrew Alvarado
|
0-0: Called Strike 0-1: SINGLE (Line Drive, 6MD)
|
Batting: SHB Howard Parker
|
0-0: Ball 1-0: Ball 2-0: Called Strike 2-1: Ball 3-1: Swinging Strike 3-2: Fly out, F9 (Flyball, 9S)
|
Bottom of the 8th over - 0 run(s), 1 hit(s), 0 error(s), 1 left on base; Seattle 4 - Nassau 2 |
TOP OF THE 9TH |
Seattle Pikes batting - Pitching for Nassau Rockets : RHP Nolan Baker
|
Batting: LHB Roberto Lozano
|
0-0: Ground out 5-3 (Groundball, 56D)
|
Batting: RHB Wallace Greene
|
0-0: Called Strike 0-1: Ground out 4-3 (Groundball, 4)
|
Batting: LHB Eduardo Gómez
|
0-0: Foul Ball, location: 2F 0-1: Ball 1-1: Called Strike 1-2: Ball 2-2: Foul Ball, location: 2F 2-2: Strikes out swinging
|
Top of the 9th over - 0 run(s), 0 hit(s), 0 error(s), 0 left on base; Seattle 4 - Nassau 2 |
BOTTOM OF THE 9TH |
Nassau Rockets batting - Pitching for Seattle Pikes : LHP Manny Sandoval
|
Pitching: LHP Cristián Escobar
|
|
Batting: LHB Bob Martin
|
0-0: Called Strike 0-1: Ball 1-1: TRIPLE (Line Drive, 6D)
|
Pinch Hitting: RHB Yaichiro Sugahara
|
0-0: Called Strike 0-1: Ball 1-1: Ball 2-1: Ball 3-1: DOUBLE (Flyball, 78M) Bob Martin scores
|
Batting: SHB Edgardo Osorio
|
0-0: Foul Ball, location: 2F 0-1: SINGLE (Groundball, 34D) Yaichiro Sugahara to third Runner from 3rd tries for Home, SAFE, no throw
|
Pitching: RHP Francisco Carrasco
|
|
Pinch Hitting: LHB Doug Thompson
|
0-0: Sac Bunt - play at first, batter OUT! 1-4 Edgardo Osorio to second
|
Batting: LHB Don Ramey
|
0-0: Intentional Walk
|
Batting: RHB Kenji Kudo
|
0-0: Ball 1-0: SINGLE (Groundball, 34S) (infield hit) Edgardo Osorio to third Don Ramey to second
|
Batting: RHB Rubén Matos
|
0-0: Ball 1-0: Ball 2-0: Swinging Strike 2-1: Ball 3-1: Called Strike 3-2: Strikes out swinging
|
Batting: LHB Andrew Alvarado
|
0-0: Ball 1-0: Swinging Strike 1-1: Called Strike 1-2: Ball 2-2: Ball 3-2: Base on Balls Edgardo Osorio scores Don Ramey to third Kenji Kudo to second
|
Tuesday, August 8th, 2017 - OOTP Baseball 17.12 Build 75
|
|